AoeStats
← TheGreatKING

Arena

510317140Analyzed
1v1 RM · 3d ago on Sep 30, 2026· 33m 8s· 2 players
Game mode
Random Map
Map size
Tiny (2 player)
Population
200
Speed
Normal
Resources
Standard
Victory
Conquest
Starting age
Dark Age
Ending age
Imperial Age
RankedLock teamsTeams togetherTeam positionsShared explorationLock speedFull tech treeHidden civsTurbo modeCheats
Victory
Defeat
🇹🇷 Khmer · Türkiye
1140
+16
🇨🇴 Varangians · Colombia
1150
-16
TheGreatKING
0:27 Loom
10:54 Feudal Age
11:49 Double-Bit Axe
17:40 Castle Age
17:21 Gold Mining
20:48 Pikeman
28:43 Imperial Age
26:03 Horse Collar
29:35 Heavy Plow
COL | TheFaura
11:09 Feudal Age
15:27 Castle Age
13:32 Loom
13:52 Double-Bit Axe
14:48 Horse Collar
16:49 Wheelbarrow
30:24 Imperial Age
28:26 Gold Mining
28:40 Town Watch
29:51 Forging
29:53 Bloodlines
30:46 Bow Saw
30:51 Scale Barding Armor
31:04 Fletching
31:23 Scale Barding Armor
32:26 Conscription
Connection lost

Rejoining the realm…

Still unreachable

The connection could not be restored.

Session expired

The server has moved on; the page needs a fresh start.